Map: Dasan Station LE

Players

Solar

  • Race: Zerg Zerg

Elazer - Winner!

  • Race: Zerg Zerg

Event: 2016 WCS Global Finals

VOD

Have the link to the VOD?

Description

Time

  • Played on: Oct. 28, 2016, 2:19 p.m.
  • Length: 5:50

All games in this series

Show
View Real Time Build Order
Export as new Build Order

Solar Zerg 

Build Orders: Pool First 

Get SALT Encoding   

  12  0:17  Spawning Pool  
  11  0:21  Drone  
  11  0:26  Drone  
  13  0:30  Drone  
  14  0:39  Overlord  
  14  1:03  Zergling x4  
  16  1:05  Zergling x2  
  17  1:16  Zergling x2  
  17  1:18  Hatchery  
  17  1:26  Zergling x2  
  17  1:32  Queen  
  20  1:37  Zergling x2  
  21  1:47  Overlord  
  21  1:58  Drone  
  22  2:08  Queen  
  24  2:09  Drone  
  25  2:19  Drone  
  26  2:30  Drone x2  
  26  2:31  Queen  
  29  2:40  Zergling x4  
  29  2:44  Zergling x2  
  32  2:50  Overlord  
  32  2:56  Queen  
  34  3:00  Zergling x2  
  35  3:09  Queen  
  35  3:10  Zergling x4  
  39  3:15  Zergling x2  
  39  3:16  Zergling x2  
  39  3:19  Zergling x4  
  42  3:24  Zergling x2  
  40  3:28  Zergling x2  
  41  3:34  Queen  
  41  3:35  Overlord  
  44  3:41  Zergling x2  
  44  3:45  Zergling x6  
  42  3:50  Zergling x2  
  42  3:54  Queen  
  39  4:01  Zergling x2  
  39  4:02  Zergling x2  
  38  4:06  Zergling x2  
  38  4:07  Zergling x4  
  38  4:09  Zergling x2  
  41  4:14  Zergling x4  
  41  4:19  Queen  
  42  4:25  Zergling x2  
  42  4:26  Zergling x2  
  42  4:28  Zergling x2  
  42  4:29  Zergling x2  
  41  4:32  Zergling x2  
  41  4:38  Queen  
  44  4:40  Zergling x2  
  44  4:44  Zergling x2  
  42  4:48  Zergling x4  
  42  4:50  Zergling x2  
  44  4:53  Zergling x4  
  40  5:01  Zergling x2  
  40  5:03  Zergling x2  
  39  5:13  Zergling x2  
  39  5:14  Zergling x2  
  39  5:23  Zergling x4  
  39  5:31  Zergling x2  
Show
View Real Time Build Order
Export as new Build Order

Elazer Zerg - Winner!

Build Orders: Pool First 

Get SALT Encoding   

  12  0:00  Drone  
  13  0:12  Overlord  
  13  0:17  Drone  
  14  0:30  Drone x2  
  14  0:34  Drone  
  17  0:44  Spawning Pool  
  17  0:47  Drone  
  17  1:07  Hatchery  
  17  1:09  Drone  
  17  1:17  Extractor  
  16  1:30  Zergling x6  
  16  1:31  Queen  
  21  1:42  Zergling x2  
  22  1:52  Overlord  
  22  2:10  Queen  
  22  2:12  Zergling x2  
  25  2:17  Zergling x2  
  26  2:25  Zergling x2  
  27  2:38  Metabolic Boost  
  27  2:42  Drone  
  28  2:45  Drone  
  28  2:49  Drone  
  28  2:51  Drone  
  31  2:54  Drone  
  32  3:03  Overlord  
  31  3:21  Overlord  
  31  3:22  Zergling x10  
  31  3:25  Zergling x2  
  36  3:32  Overlord  
  36  3:39  Queen  
  38  3:45  Zergling x10  
  40  3:48  Zergling x2  
  40  3:53  Zergling x4  
  37  3:58  Zergling x4  
  37  4:04  Zergling x2  
  37  4:06  Queen  
  41  4:10  Zergling x2  
  41  4:16  Zergling x2  
  40  4:18  Queen  
  40  4:21  Zergling x2  
  42  4:25  Zergling x2  
  42  4:26  Zergling x2  
  42  4:27  Zergling x2  
  42  4:30  Zergling x2  
  42  4:35  Zergling x4  
  44  4:40  Zergling x2  
  41  4:45  Queen  
  41  4:48  Zergling x4  
  43  4:54  Zergling x4  
  42  5:00  Zergling x4  
  41  5:11  Zergling x2  
  40  5:16  Zergling x2  
  40  5:17  Zergling x4  
  41  5:24  Zergling x2  
  41  5:25  Zergling x4  
  41  5:27  Zergling x2  
  45  5:32  Zergling x2  
Tags
 
Add a new tag
Caveats
  • Supply blocks, unpowered buildings, or Contaminate may cause inaccurate times.
  • Supply counts are checked every 10 seconds.